 Dungeon Crawl Stone Soup version 0.16.1-18-g436b03c (webtiles) character file.

100403 drasked the Severer (level 16, 0/101 HPs)
             Began as a Gargoyle Berserker on May 3, 2015.
             Was the Champion of Trog.
             Slain by a merfolk
             ... wielding a cursed -1 trident
              (1 damage)
             ... on level 1 of the Shoals.
             The game lasted 00:27:41 (27082 turns).

drasked the Severer (Gargoyle Berserker)           Turns: 27082, Time: 00:27:41

Health: 0/101      AC: 41    Str: 27    XL:     16   Next: 27%
Magic:  16/16      EV: 10    Int:  9    God:    Trog [******]
Gold:   2406       SH:  0    Dex:  9    Spells: 0 memorised, 15 levels left

rFire  . . .     SeeInvis .     Y - +2 battleaxe "Riwer" {freeze, rElec rPois rC+}
rCold  + . .     Clarity  .     s - +0 plate armour
rNeg   + . .     SustAb   .     (no shield)
rPois  ∞         Gourm    .     g - +2 helmet
rElec  +         Spirit   .     k - +2 cloak {+Inv}
rCorr  .         Warding  .     n - +2 pair of gloves
rMut   .         Stasis   .     c - +2 pair of boots {Stlth+}
MR     +....                    a - amulet of regeneration
Stlth  ..........               (no ring)
                                m - +6 ring of slaying {mikee}

@: exhausted, about to teleport, manticore barbs, flying, slowed, very slow,
somewhat resistant to hostile enchantments, extremely unstealthy
A: able to fly continuously, big wings, repulsion field 1, negative energy
resistance 1, electricity resistance, unbreathing, petrification resistance, rot
immunity, AC +11
a: Stop Flying, Burn Spellbooks, Berserk, Trog's Hand, Brothers in Arms,
Renounce Religion, Evoke Invisibility


You were on level 1 of the Shoals.
You worshipped Trog.
Trog was exalted by your worship.
You were near starving.

You visited 4 branches of the dungeon, and saw 27 of its levels.

You collected 2406 gold pieces.


Innate Abilities, Weirdness & Mutations

You are resistant to torment.
You are immune to poison.
You can fly continuously.
Your stone body is very resilient (AC +11).
Your wings are large and strong.
You resist negative energy.
You are resistant to electric shocks.
You can survive without breathing.
You are immune to petrification.
You are immune to rotting.
You are surrounded by a mild repulsion field (EV +2).


   Skills:
 + Level 12.0 Fighting
 - Level 20.5 Axes
 - Level 12.4 Armour
 - Level 1.5 Dodging


You had 15 spell levels left.
You didn't know any spells.

Inventory:

Hand weapons
 C - a +6 antimagic executioner's axe
 Y - the +2 battleaxe "Riwer" (weapon) {freeze, rElec rPois rC+}
   (Trog gifted it to you on level 13 of the Dungeon)

   It has been specially enchanted to freeze those struck by it, causing extra
   injury to most foes and up to half again as much damage against particularly
   susceptible opponents.
   It can also slow down cold-blooded creatures.
   It protects you from cold.
   It insulates you from electricity.
   It protects you from poison.
Armour
 c - a +2 pair of boots of stealth (worn)
 g - a +2 helmet (worn)
 k - a +2 cloak of invisibility (worn)
 n - a +2 pair of gloves (worn)
 s - a +0 plate armour (worn)
Jewellery
 a - an amulet of regeneration (around neck)
 m - a +6 ring of slaying (left hand) {mikee}
 v - an uncursed ring of fire
Magical devices
 z - a wand of teleportation (3)
 B - a wand of teleportation (4)
Scrolls
 b - 3 scrolls of recharging
 f - 2 scrolls of teleportation
 j - a scroll of identify
 p - 6 scrolls of remove curse
Potions
 d - 5 potions of might
 h - a potion of restore abilities
 i - 2 potions of cure mutation
 l - 11 potions of curing
 o - 2 potions of resistance
 u - a potion of cancellation
Comestibles
 q - 12 bread rations
 r - 4 beef jerkies
 t - 6 meat rations
 x - a chunk of flesh
 A - 11 royal jellies

Dungeon Overview and Level Annotations

Branches:
Dungeon (15/15)            Temple (0/1) D:4            Lair (8/8) D:8
 Shoals (1/5) Lair:3        Snake (0/5) Lair:6        Slime (0/6) Lair:6
    Orc (3/4) D:9          Vaults (0/5) D:14         Depths (0/5) D:15
    Elf: Orc:3-4

Altars:
Ashenzari
Cheibriados
Elyvilon
Fedhas
Gozag
Kikubaaqudgha
Makhleb
Nemelex Xobeh
Okawaru
Qazlal
Ru
Trog
Xom
Yredelemnul
The Shining One
Jiyva
Lugonu

Shops:
D:4 :   D:5 =   D:8 (   D:13 [

Portals:
Hell: Lair:8


Message History

Evoke which item? (* to show all) (? for menu, Esc to quit)
Zapping:
z - a wand of teleportation (4)
Press: ? - help, Shift-Dir - straight line, f - you You feel strangely unstable.
This wand has 3 charges left.
The merfolk hits you but does no damage.
The merfolk impaler hits you but does no damage.
The manticore flicks its tail.
The volley of spikes misses you.
The volley of spikes hits the merfolk impaler.
The merfolk impaler hits you but does no damage.
The merfolk hits you but does no damage. x3
The merfolk impaler hits you with a trident of venom!
Your plate armour prevents you from hitting the merfolk impaler.
The merfolk impaler is lightly wounded.
The merfolk hits you from afar with a spear.
The merfolk impaler hits you but does no damage.
The manticore flicks its tail.
The volley of spikes hits you!
The merfolk hits you from afar with a trident.
You die...

~ ~~~~~~~. ~~#
~~~~~.. ..~~#
~~~.~~# ..~~~##
~~~~. # ...~~~.##..#
##.~.
.....~...)))##~~~~~
......m..#.##~~~~~~
......$.((H.~~~~~~~~
........@.m<~~~~~~~~
......mm....~~~~~~~~
............~~~~~~
..............~~~~
............#.~~~~
##....#######..~
#.~~. .# ..~. ~


You could see a merfolk impaler, 3 merfolk and a manticore.

Vanquished Creatures
  Frances (D:15)
  Maud (Lair:3)
  A fire giant (D:15)
  Gastronok (D:13)
  A dire elephant (Lair:8)
  Snorg (D:14)
  5 vault guards (D:14)
  4 hydras
  Fannar (Lair:7)
  2 catoblepae
  An ogre mage (D:14)
  4 merfolk aquamancers (Shoals:1)
  5 death yaks (Lair:7)
  5 tengu warriors
  Nergalle (D:13)
  A fire crab (shapeshifter) (D:15)
  8 skeletal warriors
  A wizard (Lair:8)
  Pikel (D:4)
  2 unseen horrors
  3 hill giants
  7 ugly things
  3 griffons
  A wolf spider zombie (D:15)
  3 cyclopes
  3 manticores
  An orc sorcerer (D:14)
  A sixfirhy (Lair:8)
  A smoke demon (Lair:8)
  5 black mambas
  3 gargoyles
  5 centaur zombies
  The ghost of hemol the Cudgeler, an experienced MiFi (D:4)
  10 spiny frogs
  4 torpor snails
  4 orange demons (Lair:8)
  Psyche (Lair:7)
  A centaur skeleton (D:13)
  4 fire drakes
  A yaktaur (D:14)
  10 komodo dragons
  A red devil (Lair:8)
  2 blue devils (Lair:8)
  5 wandering mushrooms (Lair:5)
  3 blink frogs (Lair:1)
  3 polar bears
  5 trolls
  A queen bee (D:13)
  12 ravens
  9 slime creatures
  A spriggan (D:9)
  6 deep elf magi
  3 wraiths
  2 shadows
  The ghost of asdu the Cutter, an average VSWr (D:3)
  A two-headed ogre (D:15)
  4 wyverns
  A basilisk (D:15)
  Eustachio (D:10)
  6 humans (Lair:7)
  A steam dragon (Lair:7)
  65 yaks
  6 hungry ghosts
  A warg (Orc:2)
  14 wolves
  3 deep elf fighters
  13 hippogriffs
  4 vampire mosquitoes
  3 nagas (Lair:6)
  9 porcupines
  18 water moccasins
  2 sky beasts
  2 eyes of draining
  2 black bears
  A hell hound (Lair:8)
  A slave (D:4)
  13 ogres
  8 orc warriors
  4 ice beasts
  5 centaurs
  4 phantoms
  A necrophage (D:6)
  4 boring beetles
  22 crocodiles
  A brain worm (D:15)
  Sigmund (Lair:7)
  19 giant frogs
  2 big kobolds
  A gnoll sergeant (D:9)
  2 wyvern zombies
  A wyvern skeleton (D:10)
  3 scorpions
  41 killer bees
  9 wights
  3 electric eels (Lair:3)
  2 goliath beetles
  4 crimson imps
  2 giant frog zombies
  4 jellies
  Crazy Yiuf (D:2)
  14 hounds
  13 orc priests
  5 giant frog skeletons
  A spectral orc (D:13)
  11 worker ants
  7 iguanas
  21 orc wizards
  A killer bee zombie (D:5)
  31 sheep
  Jessica (D:2)
  2 hound skeletons
  2 mummies (D:10)
  Robin (D:2)
  13 gnolls
  18 adders
  2 worker ant zombies
  46 river rats
  4 shadow imps
  5 worms
  2 adder skeletons (D:4)
  12 giant geckos
  An ooze (D:1)
  112 orcs
  2 bat skeletons (D:4)
  A bat zombie (D:6)
  2 giant cockroaches
  31 hobgoblins
  15 quokkas
  20 bats
  6 giant newts
  3 giant spores
  34 goblins
  15 jackals
  36 kobolds
  2 quokka skeletons (D:4)
  A quokka zombie (D:8)
  18 rats
  4 ballistomycetes
  7 fungi
  4 plants
1014 creatures vanquished.

Vanquished Creatures (collateral kills)
  Rupert (Lair:3)
  3 hydras
  4 death yaks (Lair:7)
  The ghost of BeatryczeBudyn the Skirmisher, an experienced MiBe of Trog (D:6)
  A black mamba (Lair:6)
  A red devil (Lair:8)
  A hellwing (Lair:8)
  A polar bear (Lair:3)
  2 crocodiles
  2 river rats (Lair:3)
  A shadow imp (D:15)
18 creatures vanquished.

Vanquished Creatures (others)
  A hill giant (Lair:7)
  Prince Ribbit (D:4)
  2 slaves (D:4)
  2 ogres (Lair:8)
  An orc wizard (D:5)
  Ijyb (D:4)
  A giant gecko (D:4)
  A giant spore (D:14)
  3 fungi
13 creatures vanquished.

Grand Total: 1045 creatures vanquished

Notes
Turn   | Place    | Note
--------------------------------------------------------------
     0 | D:1      | drasked, the Gargoyle Berserker, began the quest for the Orb.
     0 | D:1      | Reached XP level 1. HP: 14/14 MP: 1/1
     0 | D:1      | 0 ||| counter = 27
   181 | D:1      | Reached skill level 3 in Axes
   235 | D:1      | Reached XP level 2. HP: 14/19 MP: 2/2
   477 | D:1      | Acquired Trog's second power
   732 | D:1      | Reached XP level 3. HP: 19/23 MP: 3/3
   828 | D:1      | 828 ||| READING scroll labeled UFEURHYEXO.
   829 | D:1      | 829 ||| READING scroll labeled QAGHUSKIAFA.
   830 | D:1      | 830 ||| READING scroll labeled VOAJOC DYPPILU.
   831 | D:1      | 831 ||| READING scroll labeled SKEARE GROUB.
   840 | D:1      | 840 ||| READING scroll labeled MNEAP MYCK.
   990 | D:2      | Reached skill level 4 in Axes
  1065 | D:2      | 1065 ||| INVOKING Berserk.
  1072 | D:2      | Reached XP level 4. HP: 28/28 MP: 4/4
  1174 | D:2      | Noticed Robin
  1185 | D:2      | 1185 ||| INVOKING Berserk.
  1191 | D:2      | Killed Robin
  1381 | D:2      | Noticed Crazy Yiuf
  1384 | D:2      | 1384 ||| INVOKING Berserk.
  1387 | D:2      | Killed Crazy Yiuf
  1387 | D:2      | Reached skill level 5 in Axes
  1387 | D:2      | Reached XP level 5. HP: 32/32 MP: 0/5
  1392 | D:2      | 1392 ||| EATING 2 bread rations.
  1533 | D:2      | Found a blossoming altar of Fedhas.
  1534 | D:2      | Found an ancient bone altar of Kikubaaqudgha.
  1648 | D:2      | 1648 ||| INVOKING Berserk.
  1658 | D:2      | 1658 ||| READING 4 scrolls of teleportation.
  1792 | D:2      | Noticed Jessica
  1797 | D:2      | Killed Jessica
  1845 | D:2      | 1845 ||| INVOKING Berserk.
  2017 | D:2      | 2017 ||| EATING bread ration.
  2180 | D:2      | 2180 ||| UPGRADING to runed leather armour.
  2190 | D:2      | 2190 ||| DROPPING +0 animal skin.
  2191 | D:2      | 2191 ||| UPGRADING to helmet.
  2196 | D:2      | 2196 ||| UPGRADING to runed cloak.
  2201 | D:2      | 2201 ||| UPGRADING to pair of gloves.
  2206 | D:2      | 2206 ||| READING scroll of enchant armour.
  2206 | D:2      | 2206 ||| ENCHANTING +0 pair of gloves.
  2207 | D:2      | 2207 ||| READING scroll labeled FRIEMOQIKH.
  2208 | D:2      | 2208 ||| READING scroll labeled JIDEWO SHOA.
  2209 | D:2      | 2209 ||| DRINKING 2 inky potions.
  2318 | D:3      | 2318 ||| INVOKING Berserk.
  2386 | D:3      | Noticed asdu's ghost (average VSWr)
  2392 | D:3      | 2392 ||| INVOKING Berserk.
  2398 | D:3      | Killed asdu's ghost
  2398 | D:3      | Reached skill level 6 in Axes
  2398 | D:3      | Reached XP level 6. HP: 37/37 MP: 6/6
  2463 | D:3      | 2463 ||| INVOKING Berserk.
  2741 | D:3      | Reached XP level 7. HP: 37/41 MP: 7/7
  2878 | D:3      | Acquired Trog's third power
  3222 | D:3      | Reached skill level 7 in Axes
  3670 | D:3      | 3670 ||| DROPPING ring mail.
  3671 | D:3      | 3671 ||| UPGRADING to scale mail.
  3681 | D:3      | 3681 ||| READING scroll labeled NAOSTR ULLUEB.
  3682 | D:3      | 3682 ||| DRINKING 2 orange potions.
  3683 | D:3      | 3683 ||| DRINKING 2 cyan potions.
  3684 | D:3      | 3684 ||| READING 4 scrolls of identify.
  3684 | D:3      | 3684 ||| IDENTIFYING bubbling green potion
  3685 | D:3      | 3685 ||| READING 3 scrolls of identify.
  3685 | D:3      | 3685 ||| IDENTIFYING fizzy silvery potion
  3686 | D:3      | 3686 ||| READING 2 scrolls of identify.
  3686 | D:3      | 3686 ||| IDENTIFYING ruby potion
  3795 | D:4      | Noticed hemol's ghost (experienced MiFi)
  3800 | D:4      | 3800 ||| INVOKING Berserk.
  3819 | D:4      | Killed hemol's ghost
  3819 | D:4      | Reached skill level 8 in Axes
  4125 | D:4      | Noticed Pikel
  4128 | D:4      | 4128 ||| INVOKING Berserk.
  4138 | D:4      | Killed Pikel
  4138 | D:4      | Reached XP level 8. HP: 50/50 MP: 8/8
  4178 | D:4      | Noticed Prince Ribbit
  4186 | D:4      | 4186 ||| READING 6 scrolls of teleportation.
  4193 | D:4      | 4193 ||| EATING slice of pizza.
  4202 | D:4      | Found a staircase to the Ecumenical Temple.
  4209 | D:4      | Killed Prince Ribbit
  4209 | D:4      | Reached skill level 9 in Axes
  4217 | D:4      | 4217 ||| INVOKING Berserk.
  4284 | D:4      | 4284 ||| EATING bread ration.
  4294 | D:4      | Killed Ijyb
  4513 | D:4      | Found Shuew's Book Boutique.
  5014 | D:4      | 5014 ||| DRINKING 2 lumpy yellow potions.
  5059 | D:5      | Entered Level 5 of the Dungeon
  5064 | D:5      | 5064 ||| UPGRADING to runed hand axe.
  5065 | D:5      | 5065 ||| DROPPING +0 hand axe.
  5097 | D:5      | 5097 ||| INVOKING Berserk.
  5410 | D:5      | Found a glowing golden altar of the Shining One.
  5541 | D:5      | Reached XP level 9. HP: 52/54 MP: 9/9
  5562 | D:5      | Reached skill level 10 in Axes
  6007 | D:5      | Found Fear's Jewellery Shop.
  6175 | D:5      | Received a gift from Trog
  6177 | D:5      | 6177 ||| UPGRADING to runed executioner's axe {god gift}.
  6178 | D:5      | 6178 ||| DROPPING +1 hand axe of freezing.
  6197 | D:5      | You fall through a shaft!
  6198 | D:6      | 6198 ||| Shafted from D:5 to D:6.
  6280 | D:5      | 6280 ||| Successfully unshafted to D:5.
  6394 | D:5      | 6394 ||| INVOKING Berserk.
  6444 | D:5      | 6444 ||| EATING 2 fruits.
  6558 | D:5      | 6558 ||| INVOKING Berserk.
  6570 | D:5      | 6570 ||| EATING fruit.
  6629 | D:5      | 6629 ||| UPGRADING to encrusted peridot ring.
  6630 | D:5      | 6630 ||| READING scroll labeled XILAPU KYVEMU.
  6631 | D:5      | 6631 ||| READING scroll labeled CAUTWA RILIDGH.
  6632 | D:5      | 6632 ||| DRINKING 2 fuming blue potions.
  6633 | D:5      | 6633 ||| READING 3 scrolls of identify.
  6633 | D:5      | 6633 ||| IDENTIFYING bubbling orange potion
  6808 | D:6      | 6808 ||| INVOKING Berserk.
  6809 | D:6      | Reached skill level 11 in Axes
  6822 | D:6      | 6822 ||| EATING 3 bread rations.
  6931 | D:6      | Found a burning altar of Makhleb.
  6988 | D:6      | Noticed BeatryczeBudyn's ghost (experienced MiBe)
  6988 | D:6      | 6988 ||| INVOKING Brothers in Arms.
  6991 | D:6      | 6991 ||| INVOKING Berserk.
  6993 | D:6      | Killed BeatryczeBudyn's ghost
  7098 | D:6      | 7098 ||| INVOKING Berserk.
  7207 | D:6      | 7207 ||| INVOKING Berserk.
  7261 | D:6      | 7261 ||| READING scroll labeled TRUIGO TREPOSH.
  7341 | D:7      | Found a sacrificial altar of Ru.
  7355 | D:7      | 7355 ||| INVOKING Berserk.
  7395 | D:7      | 7395 ||| EATING beef jerky.
  7496 | D:7      | 7496 ||| READING 3 scrolls of enchant armour.
  7496 | D:7      | 7496 ||| ENCHANTING +1 pair of gloves.
  7497 | D:7      | 7497 ||| READING 2 scrolls of enchant armour.
  7497 | D:7      | 7497 ||| ENCHANTING +0 helmet.
  7498 | D:7      | 7498 ||| READING scroll of enchant armour.
  7498 | D:7      | 7498 ||| ENCHANTING +1 helmet.
  7510 | D:7      | 7510 ||| READING scroll of enchant armour.
  7510 | D:7      | 7510 ||| ENCHANTING +0 cloak of invisibility.
  7590 | D:7      | Reached skill level 6 in Fighting
  7590 | D:7      | Reached XP level 10. HP: 55/60 MP: 3/10
  7699 | D:7      | Found a sparkling altar of Nemelex Xobeh.
  7699 | D:7      | Found an opulent altar of Gozag.
  7725 | D:7      | Found a glowing golden altar of the Shining One.
  7820 | D:7      | Reached skill level 12 in Axes
  7864 | D:7      | Found a basalt altar of Yredelemnul.
  7877 | D:7      | Found an iron altar of Okawaru.
  7882 | D:7      | Found a stormy altar of Qazlal.
  7884 | D:7      | 7884 ||| UPGRADING to notched pearl ring.
  7885 | D:7      | 7885 ||| REMOVING ring of fire.
  7886 | D:7      | 7886 ||| READING 2 scrolls of identify.
  7886 | D:7      | 7886 ||| IDENTIFYING yellow potion
  7925 | D:8      | 7925 ||| STAIRDANCE
  8018 | D:8      | Received a gift from Trog
  8029 | D:8      | Found Liubithe's Antique Weapon Boutique.
  8268 | D:8      | 8268 ||| INVOKING Berserk.
  8380 | D:8      | 8380 ||| INVOKING Berserk.
  8401 | D:8      | 8401 ||| READING 8 scrolls of teleportation.
  8403 | D:8      | Found a shimmering altar of Xom.
  8458 | D:8      | 8458 ||| READING 7 scrolls of teleportation.
  8769 | D:8      | 8769 ||| INVOKING Berserk.
  8814 | D:8      | 8814 ||| EATING beef jerky.
  8849 | D:8      | Found a staircase to the Lair.
  8918 | D:8      | 8918 ||| EATING 3 bread rations.
  9296 | D:8      | 9296 ||| INVOKING Berserk.
  9301 | D:8      | Reached skill level 13 in Axes
  9487 | D:8      | 9487 ||| DROPPING +2 leather armour of fire resistance.
  9488 | D:8      | 9488 ||| UPGRADING to chain mail.
  9498 | D:8      | 9498 ||| DROPPING +0 scale mail.
  9499 | D:8      | 9499 ||| READING scroll labeled DIQOUNG QURGHAU.
  9500 | D:8      | 9500 ||| READING scroll labeled SKEUC GONNIUM.
  9567 | Lair:1   | Entered Level 1 of the Lair of Beasts
  9568 | Lair:1   | 9568 ||| Entered L.
  9570 | Lair:1   | 9570 ||| STAIRDANCE
  9616 | Lair:1   | Received a gift from Trog
  9621 | Lair:1   | Reached skill level 3 in Armour
  9634 | Lair:1   | 9634 ||| UPGRADING to runed broad axe {god gift}.
  9635 | Lair:1   | 9635 ||| UPGRADING to +3 antimagic executioner's axe.
  9636 | Lair:1   | 9636 ||| DROPPING +5 antimagic broad axe.
  9703 | Lair:1   | Noticed a six-headed hydra
  9703 | Lair:1   | 9703 ||| INVOKING Brothers in Arms.
  9706 | Lair:1   | 9706 ||| INVOKING Berserk.
  9709 | Lair:1   | Killed a nine-headed hydra
  9709 | Lair:1   | Reached XP level 11. HP: 62/67 MP: 3/11
  9743 | Lair:1   | 9743 ||| EATING 2 bread rations.
  9972 | Lair:1   | 9972 ||| INVOKING Berserk.
 10026 | Lair:1   | 10026 ||| INVOKING Berserk.
 10028 | Lair:1   | Reached skill level 14 in Axes
 10037 | Lair:1   | 10037 ||| READING 6 scrolls of teleportation.
 10130 | Lair:1   | 10130 ||| INVOKING Berserk.
 10136 | Lair:1   | 10136 ||| READING 5 scrolls of teleportation.
 10171 | Lair:1   | 10171 ||| EATING bread ration.
 10231 | Lair:1   | 10231 ||| INVOKING Berserk.
 10669 | Lair:1   | Found a bloodstained altar of Trog.
 10809 | Lair:1   | 10809 ||| READING scroll labeled KHIROSS SOGEGH.
 10810 | Lair:1   | 10810 ||| READING 2 scrolls of identify.
 10810 | Lair:1   | 10810 ||| IDENTIFYING silvery potion
 10929 | Lair:2   | 10929 ||| INVOKING Berserk.
 10937 | Lair:2   | 10937 ||| EATING 2 meat rations.
 10999 | Lair:2   | Received a gift from Trog
 11005 | Lair:2   | 11005 ||| UPGRADING to glowing broad axe {god gift}.
 11006 | Lair:2   | 11006 ||| UPGRADING to +3 antimagic executioner's axe.
 11007 | Lair:2   | 11007 ||| DROPPING +2 antimagic broad axe.
 11119 | Lair:2   | 11119 ||| INVOKING Berserk.
 11168 | Lair:2   | 11168 ||| INVOKING Berserk.
 11236 | Lair:2   | 11236 ||| INVOKING Berserk.
 11242 | Lair:2   | Reached skill level 15 in Axes
 11357 | Lair:2   | 11357 ||| READING scroll of enchant weapon.
 11357 | Lair:2   | 11357 ||| ENCHANTING +3 antimagic executioner's axe.
 11390 | Lair:2   | 11390 ||| READING scroll of enchant armour.
 11390 | Lair:2   | 11390 ||| ENCHANTING +1 cloak of invisibility.
 11512 | Lair:2   | 11512 ||| INVOKING Berserk.
 11520 | Lair:2   | 11520 ||| EATING meat ration.
 11663 | Lair:2   | Reached XP level 12. HP: 71/73 MP: 4/12
 12135 | Lair:2   | 12135 ||| UPGRADING to tiny diamond amulet.
 12224 | Lair:3   | Noticed an eight-headed hydra
 12224 | Lair:3   | 12224 ||| INVOKING Brothers in Arms.
 12227 | Lair:3   | 12227 ||| INVOKING Berserk.
 12227 | Lair:3   | Killed an eight-headed hydra
 12313 | Lair:3   | Noticed Maud
 12318 | Lair:3   | 12318 ||| INVOKING Berserk.
 12319 | Lair:3   | Noticed Rupert
 12324 | Lair:3   | 12324 ||| DRINKING 6 potions of curing.
 12324 | Lair:3   | 12324 ||| (to cure confusion)
 12325 | Lair:3   | 12325 ||| READING 4 scrolls of teleportation.
 12437 | Lair:3   | Found a staircase to the Shoals.
 12650 | Lair:3   | 12650 ||| READING scroll of enchant weapon.
 12650 | Lair:3   | 12650 ||| ENCHANTING +4 antimagic executioner's axe.
 12690 | Lair:3   | 12690 ||| INVOKING Trog's Hand.
 12691 | Lair:3   | 12691 ||| INVOKING Brothers in Arms.
 12693 | Lair:3   | 12693 ||| Stepping ~*~*~tactically~*~*~ (water).
 12694 | Lair:3   | 12694 ||| INVOKING Berserk.
 12697 | Lair:3   | Killed Rupert
 12808 | Lair:3   | 12808 ||| INVOKING Berserk.
 12818 | Lair:3   | Killed Maud
 12818 | Lair:3   | Reached skill level 16 in Axes
 13248 | Lair:3   | 13248 ||| EATING beef jerky.
 13263 | Lair:3   | 13263 ||| UPGRADING to runed ring mail.
 13273 | Lair:3   | 13273 ||| UPGRADING to +0 chain mail.
 13283 | Lair:3   | 13283 ||| DROPPING +2 ring mail of fire resistance.
 13284 | Lair:3   | 13284 ||| UPGRADING to plate armour.
 13294 | Lair:3   | 13294 ||| DROPPING +0 chain mail.
 13686 | Lair:4   | Received a gift from Trog
 13695 | Lair:4   | 13695 ||| UPGRADING to runed battleaxe {god gift}.
 13696 | Lair:4   | 13696 ||| UPGRADING to +5 antimagic executioner's axe.
 13697 | Lair:4   | 13697 ||| DROPPING +4 antimagic battleaxe.
 14066 | Lair:4   | 14066 ||| UPGRADING to steel ring.
 14067 | Lair:4   | 14067 ||| REMOVING ring of magical power.
 14068 | Lair:4   | 14068 ||| DROPPING ring of magical power.
 14069 | Lair:4   | 14069 ||| READING 4 scrolls of identify.
 14069 | Lair:4   | 14069 ||| IDENTIFYING black potion
 14106 | Lair:5   | 14106 ||| STAIRDANCE
 14127 | Lair:5   | 14127 ||| STAIRDANCE
 14131 | Lair:4   | 14131 ||| INVOKING Berserk.
 14184 | Lair:5   | 14184 ||| STAIRDANCE
 14207 | Lair:5   | 14207 ||| STAIRDANCE
 14269 | Lair:5   | Reached XP level 13. HP: 75/79 MP: 4/13
 14381 | Lair:5   | 14381 ||| INVOKING Berserk.
 14382 | Lair:5   | Reached skill level 17 in Axes
 14400 | Lair:5   | 14400 ||| Stepping ~*~*~tactically~*~*~ (water).
 14875 | Lair:6   | 14875 ||| STAIRDANCE
 14883 | Lair:6   | 14883 ||| STAIRDANCE
 14966 | Lair:6   | Found a staircase to the Slime Pits.
 14966 | Lair:6   | Found a viscous altar of Jiyva.
 14978 | Lair:6   | Found a staircase to the Snake Pit.
 15040 | Lair:6   | 15040 ||| INVOKING Berserk.
 15084 | Lair:6   | 15084 ||| EATING slice of pizza.
 15381 | Lair:6   | 15381 ||| EATING 2 beef jerkies.
 15403 | Lair:6   | Received a gift from Trog
 15540 | Lair:6   | 15540 ||| INVOKING Brothers in Arms.
 15543 | Lair:6   | 15543 ||| INVOKING Berserk.
 15641 | Lair:6   | 15641 ||| INVOKING Berserk.
 15917 | Lair:6   | 15917 ||| INVOKING Berserk.
 15935 | Lair:6   | 15935 ||| EATING beef jerky.
 16010 | Lair:6   | 16010 ||| UPGRADING to shiny chain mail.
 16020 | Lair:6   | 16020 ||| UPGRADING to +0 plate armour.
 16030 | Lair:6   | 16030 ||| DROPPING +1 chain mail of cold resistance.
 16031 | Lair:6   | 16031 ||| DRINKING 2 metallic white potions.
 16078 | Lair:7   | Found a glowing golden altar of the Shining One.
 16181 | Lair:7   | Found a frozen archway.
 16292 | Lair:7   | Noticed Fannar
 16302 | Lair:7   | Killed Fannar
 16339 | Lair:7   | Reached skill level 6 in Armour
 16347 | Lair:7   | Reached skill level 9 in Fighting
 16514 | Lair:7   | Reached skill level 18 in Axes
 16533 | Lair:7   | 16533 ||| INVOKING Brothers in Arms.
 16535 | Lair:7   | 16535 ||| INVOKING Berserk.
 16551 | Lair:7   | 16551 ||| READING 5 scrolls of teleportation.
 16552 | Lair:7   | HP: 17/80 [death yak (9)]
 16553 | Lair:7   | 16553 ||| DRINKING 3 potions of heal wounds.
 16711 | Lair:7   | Noticed Sigmund
 16711 | Lair:7   | Noticed Psyche
 16718 | Lair:7   | Received a gift from Trog
 16720 | Lair:7   | 16720 ||| INVOKING Berserk.
 16722 | Lair:7   | Killed Psyche
 16727 | Lair:7   | 16727 ||| READING 4 scrolls of teleportation.
 16729 | Lair:7   | 16729 ||| DRINKING 6 potions of curing.
 16729 | Lair:7   | 16729 ||| (to cure confusion)
 16826 | Lair:7   | 16826 ||| Invisible monster not found???
 16826 | Lair:7   | 16826 ||| EATING beef jerky.
 16866 | Lair:7   | 16866 ||| INVOKING Brothers in Arms.
 16935 | Lair:7   | Killed Sigmund
 16970 | Lair:7   | 16970 ||| UPGRADING to runed battleaxe {god gift}.
 16980 | Lair:7   | 16980 ||| UPGRADING to +5 antimagic executioner's axe.
 16991 | Lair:7   | 16991 ||| DROPPING +2 antimagic battleaxe.
 17118 | Lair:7   | 17118 ||| Stepping ~*~*~tactically~*~*~ (cloud).
 17188 | Lair:7   | 17188 ||| INVOKING Brothers in Arms.
 17191 | Lair:7   | 17191 ||| INVOKING Berserk.
 17195 | Lair:7   | Gained mutation: Your wings are large and strong. [gargoyle growth]
 17195 | Lair:7   | Reached XP level 14. HP: 86/86 MP: 4/14
 17211 | Lair:7   | 17211 ||| EATING 12 fruits.
 17241 | Lair:7   | 17241 ||| INVOKING Fly.
 17241 | Lair:7   | 17241 ||| FLYING.
 17269 | Lair:7   | Found a snail-covered altar of Cheibriados.
 17571 | Lair:7   | 17571 ||| READING scroll labeled SMAFI THITHAZY.
 17597 | Lair:7   | 17597 ||| READING scroll labeled SHROLU SMIOBLAEDD.
 17598 | Lair:7   | 17598 ||| READING scroll labeled THRACK TELY.
 17620 | Lair:8   | Entered Level 8 of the Lair of Beasts
 17628 | Lair:8   | 17628 ||| STAIRDANCE
 17947 | Lair:8   | Reached skill level 19 in Axes
 18149 | Lair:8   | Received a gift from Trog
 18151 | Lair:8   | 18151 ||| UPGRADING to glowing battleaxe {god gift}.
 18152 | Lair:8   | 18152 ||| UPGRADING to +5 antimagic executioner's axe.
 18153 | Lair:8   | 18153 ||| DROPPING +1 antimagic battleaxe.
 18306 | Lair:8   | 18306 ||| INVOKING Brothers in Arms.
 18307 | Lair:8   | 18307 ||| INVOKING Berserk.
 18366 | Lair:8   | 18366 ||| READING scroll of enchant weapon.
 18366 | Lair:8   | 18366 ||| ENCHANTING +5 antimagic executioner's axe.
 18400 | Lair:8   | 18400 ||| INVOKING Brothers in Arms.
 18402 | Lair:8   | 18402 ||| INVOKING Berserk.
 18409 | Lair:8   | 18409 ||| EATING 11 fruits.
 18443 | Lair:8   | 18443 ||| EATING 10 fruits.
 18475 | Lair:8   | 18475 ||| INVOKING Berserk.
 18506 | Lair:8   | 18506 ||| EATING 9 fruits.
 18573 | Lair:8   | 18573 ||| INVOKING Trog's Hand.
 18581 | Lair:8   | Found a burning altar of Makhleb.
 18582 | Lair:8   | 18582 ||| INVOKING Brothers in Arms.
 18598 | Lair:8   | 18598 ||| INVOKING Berserk.
 18600 | Lair:8   | HP: 31/130 [orange demon (5)]
 18603 | Lair:8   | HP: 14/130 [burnt (4)]
 18604 | Lair:8   | HP: 1/130 [smoke demon/divine providence (12)]
 18606 | Lair:8   | Found a gateway to Hell.
 18612 | Lair:8   | 18612 ||| READING 4 scrolls of teleportation.
 18613 | Lair:8   | 18613 ||| DRINKING 2 potions of heal wounds.
 18615 | Lair:8   | 18615 ||| READING 3 scrolls of teleportation.
 18616 | Lair:8   | HP: 21/87 [red devil/demon trident of venom (5)]
 18617 | Lair:8   | 18617 ||| DRINKING potion of heal wounds.
 18682 | Lair:8   | 18682 ||| INVOKING Brothers in Arms.
 18883 | Lair:8   | 18883 ||| UPGRADING to pair of glowing boots.
 18888 | Lair:8   | 18888 ||| UPGRADING to runed helmet.
 18898 | Lair:8   | 18898 ||| UPGRADING to +2 helmet.
 18908 | Lair:8   | 18908 ||| DROPPING +1 helmet.
 18909 | Lair:8   | 18909 ||| READING 4 scrolls of identify.
 18909 | Lair:8   | 18909 ||| IDENTIFYING green potion
 18910 | Lair:8   | 18910 ||| DRINKING potion of beneficial mutation.
 18910 | Lair:8   | Gained mutation: You are surrounded by a mild repulsion field (EV +2). [potion of beneficial mutation]
 18911 | Lair:8   | 18911 ||| READING 3 scrolls of identify.
 18911 | Lair:8   | 18911 ||| IDENTIFYING sedimented emerald potion
 18912 | Lair:8   | 18912 ||| READING 2 scrolls of identify.
 18912 | Lair:8   | 18912 ||| IDENTIFYING murky dark potion
 18981 | Lair:7   | 18981 ||| EATING 8 fruits.
 19497 | D:9      | Found a white marble altar of Elyvilon.
 19513 | D:9      | Found a shattered altar of Ashenzari.
 19591 | D:9      | Found a shimmering altar of Xom.
 19667 | D:9      | Found a staircase to the Orcish Mines.
 19814 | Orc:1    | Entered Level 1 of the Orcish Mines
 19815 | Orc:1    | 19815 ||| Entered O.
 19851 | Orc:1    | Received a gift from Trog
 20324 | Orc:2    | 20324 ||| STAIRDANCE
 20332 | Orc:2    | Received a gift from Trog
 20334 | Orc:2    | 20334 ||| UPGRADING to glowing battleaxe {god gift}.
 20335 | Orc:2    | 20335 ||| UPGRADING to +6 antimagic executioner's axe.
 20336 | Orc:2    | 20336 ||| DROPPING +1 antimagic battleaxe.
 20743 | D:10     | Entered Level 10 of the Dungeon
 20984 | D:10     | 20984 ||| READING 7 scrolls of remove curse.
 21023 | D:10     | 21023 ||| READING 6 scrolls of remove curse.
 21058 | D:10     | Noticed Eustachio
 21062 | D:10     | Killed Eustachio
 21894 | D:10     | 21894 ||| EATING 7 fruits.
 21945 | D:11     | 21945 ||| STAIRDANCE
 22019 | D:11     | Received a gift from Trog
 22255 | D:11     | Reached skill level 20 in Axes
 23003 | D:12     | 23003 ||| INVOKING Berserk.
 23203 | D:12     | Reached XP level 15. HP: 92/92 MP: 5/15
 23258 | D:12     | 23258 ||| EATING 6 fruits.
 23560 | D:12     | Received a gift from Trog
 23835 | D:12     | 23835 ||| READING 3 scrolls of identify.
 23835 | D:12     | 23835 ||| IDENTIFYING wand of teleportation
 23836 | D:12     | 23836 ||| READING 2 scrolls of identify.
 23836 | D:12     | 23836 ||| IDENTIFYING coppery potion
 23838 | D:12     | 23838 ||| DROPPING 6 silver tomahawks.
 23839 | D:12     | 23839 ||| DROPPING 5 tomahawks.
 23872 | D:13     | Noticed Gastronok
 23873 | D:13     | 23873 ||| STAIRDANCE
 23875 | D:13     | 23875 ||| STAIRDANCE
 23887 | D:13     | Noticed Nergalle
 23892 | D:13     | Killed Gastronok
 23892 | D:13     | Paralysed by Nergalle for 3 turns
 23899 | D:13     | Killed Nergalle
 24163 | D:13     | Received a gift from Trog
 24169 | D:13     | Got a steaming battleaxe {god gift}
 24170 | D:13     | 24170 ||| UPGRADING to steaming battleaxe {god gift}.
 24170 | D:13     | Identified the +2 battleaxe "Riwer" {freeze, rElec rPois rC+} (Trog gifted it to you on level 13 of the Dungeon)
 24338 | D:13     | 24338 ||| INVOKING Berserk.
 24458 | D:13     | Found Pudum's Antique Armour Shop.
 24713 | D:13     | 24713 ||| UPGRADING to embroidered cloak.
 24723 | D:13     | 24723 ||| UPGRADING to +2 cloak of invisibility.
 24736 | D:13     | 24736 ||| DROPPING +1 cloak.
 24886 | D:14     | Noticed Snorg
 24897 | D:14     | 24897 ||| INVOKING Berserk.
 24905 | D:14     | Killed Snorg
 24954 | D:14     | 24954 ||| INVOKING Berserk.
 25031 | D:14     | Reached skill level 9 in Armour
 25154 | D:14     | 25154 ||| INVOKING Berserk.
 25272 | D:14     | 25272 ||| INVOKING Trog's Hand.
 25273 | D:14     | 25273 ||| INVOKING Berserk.
 25359 | D:14     | Found a gate to the Vaults.
 25686 | D:14     | 25686 ||| UPGRADING to runed emerald amulet.
 25713 | D:14     | 25713 ||| UPGRADING to amulet of regeneration.
 25715 | D:14     | 25715 ||| DROPPING amulet of resist corrosion.
 25716 | D:14     | 25716 ||| UPGRADING to square blue amulet.
 25718 | D:14     | 25718 ||| READING 6 scrolls of remove curse.
 25719 | D:14     | 25719 ||| REMOVING amulet of inaccuracy.
 25720 | D:14     | 25720 ||| UPGRADING to amulet of regeneration.
 25721 | D:14     | 25721 ||| DROPPING amulet of inaccuracy.
 25722 | D:14     | 25722 ||| READING 2 scrolls of identify.
 25722 | D:14     | 25722 ||| IDENTIFYING wand of teleportation
 25728 | D:15     | Entered Level 15 of the Dungeon
 25728 | D:15     | Found a corrupted altar of Lugonu.
 25752 | D:15     | 25752 ||| DRINKING 11 potions of curing.
 25752 | D:15     | 25752 ||| (to cure confusion)
 25790 | D:15     | 25790 ||| READING scroll of enchant armour.
 25790 | D:15     | 25790 ||| ENCHANTING +1 pair of boots of stealth.
 25825 | D:15     | Found a staircase to the Depths.
 25825 | D:15     | Noticed a fire giant
 25832 | D:15     | Noticed Frances
 25833 | D:15     | 25833 ||| INVOKING Brothers in Arms.
 25834 | D:15     | 25834 ||| INVOKING Berserk.
 25839 | D:15     | Killed a fire giant
 25843 | D:15     | Killed Frances
 25843 | D:15     | Reached XP level 16. HP: 72/100 MP: 16/16
 25886 | D:15     | 25886 ||| EATING 5 fruits.
 25992 | D:15     | 25992 ||| INVOKING Berserk.
 26104 | D:15     | 26104 ||| DRINKING 2 potions of restore abilities.
 26116 | D:15     | 26116 ||| INVOKING Berserk.
 26130 | D:15     | 26130 ||| ZAPPING wand of teleportation (5).
 26192 | D:15     | 26192 ||| EATING 4 fruits.
 26252 | D:15     | 26252 ||| INVOKING Berserk.
 26270 | D:15     | 26270 ||| INVOKING Brothers in Arms.
 26272 | D:15     | Reached skill level 12 in Armour
 26273 | D:15     | 26273 ||| EATING 3 fruits.
 26363 | D:15     | 26363 ||| EATING 2 fruits.
 26456 | D:15     | 26456 ||| READING scroll labeled LUIPRULUGG.
 26457 | D:15     | 26457 ||| READING 2 scrolls of identify.
 26457 | D:15     | 26457 ||| IDENTIFYING smoky ruby potion
 26641 | D:10     | 26641 ||| EATING fruit.
 26844 | Lair:5   | 26844 ||| STAIRDANCE
 26920 | Lair:7   | Reached skill level 12 in Fighting
 27051 | Shoals:1 | Entered Level 1 of the Shoals
 27052 | Shoals:1 | 27052 ||| Entered A.
 27069 | Shoals:1 | HP: 14/101 [merfolk aquamancer/ball of steam (22)]
 27070 | Shoals:1 | 27070 ||| DRINKING potion of heal wounds.
 27071 | Shoals:1 | 27071 ||| INVOKING Berserk.
 27078 | Shoals:1 | HP: 24/151 [barbs]
 27081 | Shoals:1 | 27081 ||| ZAPPING wand of teleportation (4).
 27081 | Shoals:1 | HP: 1/101 [merfolk impaler/trident of venom (13)]
 27082 | Shoals:1 | Slain by a merfolk

Vault maps used:
D:1:      elethiomel_arrival_infinity_welcomes_careful_drivers
D:2:      grunt_temple_overflow_growth_and_decay, first_bread, minmay_cut_off,
          uniq_crazy_yiuf_cottage, uniq_jessica, uniq_robin
D:3:      eino_curves_01
D:4:      minmay_temple_entry_junction, serial_shops, shop, uniq_pikel,
          uniq_prince_ribbit1, uniq_iyjb
D:5:      corexii_shantytown, basic_altar, serial_shops,
          nicolae_shop_behind_doors
D:6:      makhleb_blood_cavern_becter, corexii_hall_statues_x
D:7:      minitemple, nicolae_overflow_crystal_walls, kennysheep_mini,
          grunt_temple_overflow_opulence
D:8:      xom_teletrap_fun, erik_lair_boring, serial_shops, shop
D:9:      nicolae_overflow_hidden_temple, kennysheep_little_box, orc_0_dummy,
          basic_altar, the_bakery
D:10:     uniq_eustachio
D:13:     special_room, serial_shops, shop, uniq_nergalle, uniq_gastronok
D:14:     minmay_weird_star, grunt_vaults_entry_fortified, uniq_snorg
D:15:     grunt_enter_depths_giant_problem, minivault_11, tgw_lugonu_bribe,
          uniq_frances
Lair:1:   basic_altar, lab_entry_generic, infiniplex_staircase_pool_2,
          serial_bayou_shore_b
Lair:2:   beast_lair_carwin_4
Lair:3:   elwin_shoals_entry_rocks, serial_bayou_shore_b, serial_bayou_shore_b,
          grunt_megastairs_3, infiniplex_staircase_pool, uniq_rupert, uniq_maud
Lair:5:   fungi_pond_lemuel, grunt_megastairs_2
Lair:6:   guppyfry_snake_entry_garden, slime_altar_1, serial_bayou_shore_b,
          lemuel_fruit_tree, serial_bayou_shore_a
Lair:7:   erik_1, basic_altar, portal_ice_cave_entry_pillars_02,
          kennysheep_snail_temple, uniq_fannar
Lair:8:   evil_forest
Shoals:1: nicolae_shoals_aquamancer_cove, uniq_roxanne, uniq_nikola
Orc:1:    sword_in_stone
Orc:3:    basic_altar, nicolae_orc_pool_cavern, mines1_david

Action                   |  1- 3 |  4- 6 |  7- 9 | 10-12 | 13-15 | 16-18 || total
-------------------------+-------+-------+-------+-------+-------+-------++-------
Melee: Hand axe          |    96 |   172 |   354 |       |       |       ||   622
       Executioner's axe |       |       |    87 |   430 |   833 |       ||  1350
       Battleaxe         |       |       |       |       |   249 |   123 ||   372
Throw: Tomahawk          |       |    14 |    85 |    26 |   161 |       ||   286
       Javelin           |       |       |     5 |    81 |       |       ||    86
Invok: Berserk           |     1 |     7 |    11 |    19 |    19 |     4 ||    61
       Brothers in Arms  |       |       |     1 |     3 |     9 |     1 ||    14
       Trog's Hand       |       |       |       |     1 |     2 |       ||     3
 Abil: Fly               |       |       |       |       |     1 |       ||     1
Evoke: Wand              |       |       |       |       |       |     2 ||     2
  Use: Scroll            |     5 |     4 |    13 |    14 |    18 |     2 ||    56
       Potion            |       |     1 |     4 |     1 |     7 |     2 ||    15
 Stab: Distracted        |       |       |       |       |     2 |       ||     2
       Petrified         |       |       |       |       |     1 |       ||     1
  Eat: Chunk             |     1 |     5 |    13 |    17 |    51 |     4 ||    91
       Bread ration      |       |     2 |     2 |     3 |       |       ||     7
       Pizza             |       |       |     1 |       |     1 |       ||     2
       Fruit             |       |       |     2 |       |     7 |     5 ||    14
       Beef jerky        |       |       |     1 |     2 |     3 |       ||     6
       Meat ration       |       |       |       |     2 |       |       ||     2
